 Dungeon Crawl Stone Soup version 0.17.0-25-gefc9c12 (webtiles) character file.

2776 Ohshi the Whirler (level 10, -6/60 HPs)
             Began as a Halfling Hunter on Nov 18, 2015.
             Was a Follower of Ru.
             Mangled by an elephant (16 damage)
             ... on level 7 of the Dungeon.
             The game lasted 00:31:20 (6576 turns).

Ohshi the Whirler (Halfling Hunter)                 Turns: 6576, Time: 00:31:20

Health: -6/60      AC:  6    Str: 15    XL:     10   Next: 1%
Magic:  10/10      EV: 19    Int: 17    God:    Ru [*.....]
Gold:   279        SH:  0    Dex: 23    Spells: 1 memorised, 7 levels left

rFire  . . .     SeeInvis .     a - +1 hunting sling
rCold  . . .     Clarity  .     V - +1 leather armour of Perpetual Drought {Str+3 Int+7 Dex+4 Stlth+} (curse)
rNeg   . . .     SustAt   .     (shield restricted)
rPois  .         Gourm    .     G - +0 helmet
rElec  .         Spirit   .     (no cloak)
rCorr  .         Warding  .     (no gloves)
rMut   .         Stasis   .     v - +0 pair of boots
MR     .....                    (no amulet)
Stlth  +++.......               b - +2 ring of evasion
                                (no ring)

@: about to teleport, not resistant to hostile enchantments, fairly stealthy
A: mutation resistance 1, hated by all
a: Renounce Religion


You were on level 7 of the Dungeon.
You worshipped Ru.
Ru was aware of your devotion.
You were not hungry.

You visited 2 branches of the dungeon, and saw 9 of its levels.

You collected 409 gold pieces.
You spent 130 gold pieces at shops.

Inventory:

Hand Weapons
 a - a +1 hunting sling (weapon)
 x - a +1 flail of holy wrath
 F - a +0 blowgun
 U - a +1 mace of protection
Missiles
 d - 10 sling bullets
 g - 49 stones (quivered)
 h - a throwing net
Armour
 c - a +0 leather armour
 i - a +0 robe of cold resistance
 v - a +0 pair of boots (worn)
 G - a +0 helmet (worn)
 V - the cursed +1 leather armour of Perpetual Drought (worn) {Str+3 Int+7 Dex+4 Stlth+}
   (You found it on level 8 of the Dungeon)

   It affects your strength (+3).
   It affects your intelligence (+7).
   It affects your dexterity (+4).
   It makes you more stealthy.
   It has a curse placed upon it.
Jewellery
 b - a +2 ring of evasion (right hand)
 s - an uncursed ring of poison resistance
 M - an uncursed amulet of stasis
Wands
 I - a wand of slowing (27)
 L - a wand of cold (2)
 N - a wand of disintegration (13)
 P - a wand of digging (11)
Scrolls
 e - 2 scrolls of random uselessness {unknown}
 j - 6 scrolls of identify
 m - 6 scrolls of remove curse
 n - 2 scrolls of magic mapping {unknown}
 o - 4 scrolls of teleportation
 p - 2 scrolls of enchant weapon {unknown}
 w - 5 scrolls of fear {unknown}
 y - a scroll of amnesia {unknown}
 A - 2 scrolls of enchant armour {unknown}
 C - a scroll of immolation {unknown}
 H - 2 scrolls of noise {unknown}
 K - a scroll of blinking {unknown}
 R - 4 scrolls of recharging {unknown}
Potions
 k - a potion of heal wounds {unknown}
 l - 2 potions of flight {unknown}
 r - a potion of mutation {unknown}
 t - 6 potions of curing
 u - a potion of cancellation {unknown}
 B - 3 potions of might {unknown}
 E - a potion of agility
 J - 2 potions of invisibility {unknown}
Books
 O - a book of Minor Magic

   Spells                             Type                      Level
   a - Magic Dart                     Conjuration                  1
   b - Blink                          Translocation                2
   c - Call Imp                       Summoning                    2
   d - Repel Missiles                 Charms/Air                   2
   e - Slow                           Hexes                        2
   f - Conjure Flame                  Conjuration/Fire             3
   g - Mephitic Cloud                 Conjuration/Poison/Air       3
 Q - a book of Necromancy

   Spells                             Type                      Level
   a - Pain                           Necromancy                   1
   b - Animate Skeleton               Necromancy                   1
   c - Vampiric Draining              Necromancy                   3
   d - Regeneration                   Charms/Necromancy            3
   e - Animate Dead                   Necromancy                   4
   f - Control Undead                 Necromancy                   4
Comestibles
 f - 6 meat rations
 q - 2 beef jerkies
 z - a slice of pizza
 D - 9 bread rations
 S - a fruit
 T - a royal jelly


   Skills:
 + Level 2.0 Fighting
 + Level 16.4 Slings
 + Level 4.3 Armour
 + Level 3.5 Dodging
 + Level 2.1 Stealth
 + Level 0.2 Evocations


You had 7 spell levels left.
You knew the following spells:

 Your Spells              Type           Power        Failure   Level  Hunger
a - Blink                 Tloc           N/A          43%         2    ###....


Dungeon Overview and Level Annotations

Branches:
Dungeon (8/15)             Temple (1/1) D:5
   Lair: D:8-11

Altars:
Cheibriados
Dithmenos
Elyvilon
Fedhas
Gozag
Kikubaaqudgha
Makhleb
Nemelex Xobeh
Okawaru
Qazlal
Ru
Sif Muna
Trog
Vehumet
Xom
Yredelemnul
Zin
The Shining One

Shops:
D:6 =


Innate Abilities, Weirdness & Mutations

You are small and have problems with some larger weapons.
You are somewhat resistant to further mutation.
You are hated by all.


Message History

There is an escape hatch in the floor here.
Drink which item? (? for menu, Esc to quit)
You feel better. The elephant closely misses you.
The elephant completely misses you.
Read which item? (? for menu, Esc to quit)
You cannot teleport because you are wearing an amulet of stasis.
Put on which piece of jewellery? (? for menu, Esc to quit)
You're already wearing that object!
Put on which piece of jewellery? (? for menu, Esc to quit)
You're already wearing that object!
Read which item? (? for menu, Esc to quit)
Okay, then.
Remove which piece of jewellery? (? for menu, Esc to quit)
You remove your amulet of stasis.
The elephant tramples you!
* * * LOW HITPOINT WARNING * * *
You stumble backwards!
Read which item? (? for menu, Esc to quit)
As you read the scroll of teleportation, it crumbles to dust.
You feel strangely unstable. The elephant tramples you!
You die...

.####.###########...##.####.#....
## #....# #...##.........##
####.# #...########.### ## #.#
#...# #.# .# #.# #...# #.#### .#
#.# #...# #..... .#
#.#########.## #)####
.#######.##........####### #.##
....>..........Y@........# #..###
.######.###...##...#####.# ##...#
.# #..##(........# #.# ##...# ##
#..#.......#..# #.###§..§.
#..#..........# #.##§§§.§§
##............# #.#§§§§..§
##...####.##.# #....§§...
##..####.##.### #....§§_.§
#............# #..§§...§§


You could see an elephant.

Vanquished Creatures
  A yak (D:8)
  A spriggan (D:7)
  A hippogriff (D:7)
  Edmund (D:6)
  2 orc warriors (D:7)
  A sky beast (D:6)
  A necrophage (D:6)
  2 ogres
  A centaur (D:6)
  A phantom (D:6)
  3 giant frogs
  4 wights (D:6)
  5 hounds
  A centaur zombie (D:8)
  4 crimson imps
  A giant frog zombie (D:5)
  2 jellies
  6 orc wizards
  3 orc priests
  7 worker ants
  A hound zombie (D:5)
  A worker ant zombie (D:5)
  9 gnolls
  8 adders
  2 oozes
  2 worms (D:2)
  An adder skeleton (D:7)
  4 giant geckos
  21 orcs
  A ball python (D:3)
  A bat zombie (D:7)
  7 giant cockroaches
  4 hobgoblins
  7 jackals
  7 kobolds
  2 quokkas
  6 bats
  4 giant newts
  3 goblins (D:3)
  2 quokka skeletons (D:4)
  4 rats
  4 rat zombies (D:7)
149 creatures vanquished.

Notes
Turn   | Place    | Note
--------------------------------------------------------------
     0 | D:1      | Ohshi the Halfling Hunter began the quest for the Orb.
     0 | D:1      | Reached XP level 1. HP: 14/14 MP: 1/1
    62 | D:1      | Reached skill level 6 in Slings
   225 | D:1      | Reached XP level 2. HP: 19/19 MP: 2/2
   727 | D:2      | Found a stormy altar of Qazlal.
   730 | D:2      | Found a basalt altar of Yredelemnul.
   733 | D:2      | Found a glowing golden altar of the Shining One.
   734 | D:2      | Reached XP level 3. HP: 24/24 MP: 3/3
   882 | D:2      | Reached skill level 7 in Slings
  1130 | D:2      | Reached XP level 4. HP: 29/29 MP: 4/4
  1190 | D:2      | Found a burning altar of Makhleb.
  1433 | D:3      | Reached skill level 8 in Slings
  1513 | D:3      | Found an iron altar of Okawaru.
  1621 | D:3      | Reached skill level 1 in Armour
  1621 | D:3      | Reached XP level 5. HP: 28/34 MP: 5/5
  2279 | D:4      | Reached skill level 9 in Slings
  2279 | D:4      | Reached XP level 6. HP: 36/39 MP: 6/6
  2555 | D:4      | You fall through a shaft for 3 floors!
  2555 | D:7      | Found a shadowy altar of Dithmenos.
  2558 | D:7      | Got a translucent ring mail
  2581 | D:7      | Identified the +4 ring mail "Vineunyi" {rF- rN+ MP-9 Str+8} (You found it on level 7 of the Dungeon)
  2624 | D:7      | Reached skill level 10 in Slings
  2712 | D:7      | Found an ancient bone altar of Kikubaaqudgha.
  2814 | D:7      | Reached XP level 7. HP: 44/44 MP: 0/7
  2826 | D:7      | Noticed an orc warrior
  2915 | D:6      | Noticed Edmund
  2940 | D:6      | Killed Edmund
  3051 | D:6      | Reached skill level 11 in Slings
  3120 | D:6      | Found Yjiastre's Jewellery Emporium.
  3151 | D:6      | Reached XP level 8. HP: 50/50 MP: 0/8
  3186 | D:6      | Reached skill level 12 in Slings
  3224 | D:6      | Bought a +2 ring of evasion for 130 gold pieces
  3380 | D:5      | Entered Level 5 of the Dungeon
  3639 | D:5      | Reached skill level 13 in Slings
  3805 | D:5      | Found a staircase to the Ecumenical Temple.
  3811 | Temple   | Entered the Ecumenical Temple
  4136 | Temple   | Became a worshipper of Ru the Awakened
  4311 | D:5      | Found a white marble altar of Elyvilon.
  4662 | D:6      | Reached XP level 9. HP: 54/54 MP: 0/9
  4674 | D:6      | Reached skill level 14 in Slings
  5171 | D:7      | Killed an orc warrior
  5171 | D:7      | Reached skill level 15 in Slings
  5266 | D:7      | Noticed a hippogriff
  5284 | D:7      | Killed a hippogriff
  5360 | D:7      | Noticed an orc warrior
  5389 | D:7      | Killed an orc warrior
  5712 | D:7      | Gained mutation: You are hated by all. [Ru sacrifice]
  5712 | D:7      | Reached * piety under Ru
  5958 | D:7      | Noticed a spriggan baker
  5980 | D:7      | Killed a spriggan baker
  6020 | D:8      | Reached skill level 16 in Slings
  6042 | D:8      | Learned a level 2 spell: Blink
  6140 | D:8      | Noticed dorian's ghost (novice OpFE)
  6422 | D:8      | Got a crude leather armour
  6435 | D:8      | Identified the cursed +1 leather armour of Perpetual Drought {Str+3 Int+7 Dex+4 Stlth+} (You found it on level 8 of the Dungeon)
  6480 | D:8      | Noticed an elephant
  6496 | D:8      | Reached XP level 10. HP: 48/60 MP: 7/10
  6576 | D:7      | Mangled by an elephant

Action                   |  1- 3 |  4- 6 |  7- 9 | 10-12 || total
-------------------------+-------+-------+-------+-------++-------
Melee: Hunting sling     |       |       |     1 |       ||     1
 Fire: Hunting sling     |    87 |   188 |   525 |    28 ||   828
Invok: Sacrifice Love    |       |       |     1 |       ||     1
Evoke: Wand              |       |       |     3 |       ||     3
  Use: Scroll            |       |     4 |     1 |     1 ||     6
       Potion            |       |       |     3 |     1 ||     4
  Eat: Meat ration       |       |     1 |     1 |       ||     2
       Bread ration      |       |     1 |       |       ||     1
       Royal jelly       |       |       |     2 |       ||     2
